AoeStats
← Emko

Baltic

510801481Analyzed
3v3 RM · 1d ago on Oct 2, 2026· 67m 36s· 6 players
Game mode
Random Map
Map size
Normal (6 player)
Population
200
Speed
Normal
Resources
Standard
Victory
Conquest
Starting age
Dark Age
Ending age
Imperial Age
RankedLock teamsTeams togetherTeam positionsShared explorationLock speedFull tech treeHidden civsTurbo modeCheats
Victory
Defeat
🇹🇷 Malians · Türkiye
907
+12
🇨🇱 Vikings · Chile
790
+17
🇨🇱 Khmer · Chile
781
+32
🇩🇪 Wei · Germany
828
-16
🇸🇰 Vietnamese · Slovakia
805
-15
🇸🇰 Bohemians · Slovakia
800
-15
David Ygra
3:40 Loom
13:32 Feudal Age
14:16 Double-Bit Axe
14:14 Horse Collar
15:21 Gold Mining
15:23 Stone Mining
17:14 Wheelbarrow
21:07 Castle Age
21:26 Fishing Lines
22:02 Medium Warships
22:13 Pikeman
25:42 Heavy Plow
26:29 Careening
28:31 Bloodlines
28:23 Husbandry
28:57 Town Watch
30:00 Bow Saw
31:02 Fletching
36:37 Hand Cart
40:27 Imperial Age
41:44 Heavy Warships
43:22 Halberdier
44:27 Heavy Scorpion
44:50 Heavy Hei Guang Cavalry
44:53 Light Cavalry
48:30 Hussar
49:20 Squires
49:59 Caravan
52:02 Crop Rotation
52:43 Arson
52:25 Man-at-Arms
54:52 Long Swordsman
56:32 Two-Handed Swordsman
62:50 Coinage
62:58 Forging
62:51 Scale Mail Armor
62:58 Scale Barding Armor
62:50 Bodkin Arrow
62:58 Padded Archer Armor
62:46 Treadmill Crane
63:27 Ballistics
Emko
10:03 Feudal Age
18:40 Castle Age
19:09 Loom
19:44 Double-Bit Axe
19:42 Horse Collar
21:29 Bow Saw
25:11 Heavy Plow
30:00 Wheelbarrow
30:43 Padded Archer Armor
30:33 Fletching
30:49 Scale Barding Armor
30:55 Forging
32:32 Ballistics
33:12 Chemistry
35:38 Imperial Age
33:27 Hand Cart
33:20 Bodkin Arrow
33:39 Murder Holes
33:38 Crossbowman
35:43 Arbalester
36:45 Bracer
37:00 Leather Archer Armor
37:06 Chain Barding Armor
37:22 Iron Casting
37:08 Husbandry
39:40 Houfnice
43:49 Ring Archer Armor
45:56 Blast Furnace
44:57 Scale Mail Armor
44:58 Arson
45:13 Squires
44:33 Pikeman
47:45 Two-Man Saw
46:15 Halberdier
55:30 Elite Skirmisher
58:03 Caravan
65:13 Imperial Skirmisher
TheWeirdStranger
2:05 Loom
11:56 Feudal Age
19:13 Castle Age
19:18 Double-Bit Axe
21:37 Medium Warships
29:08 Gold Mining
29:03 Horse Collar
31:20 Bow Saw
39:41 Bloodlines
39:32 Husbandry
44:42 Wheelbarrow
46:18 Chatras
48:41 Scale Barding Armor
48:46 Forging
53:27 Light Cavalry
54:22 Heavy Plow
56:54 Squires
56:41 Arson
@RoSexFix
11:20 Feudal Age
16:33 Castle Age
15:42 Double-Bit Axe
15:49 Gold Mining
16:48 Loom
17:33 Fletching
18:11 Bow Saw
17:41 Demolition Ship
19:31 Medium Warships
25:52 Wheelbarrow
26:53 Horse Collar
28:02 Ballistics
31:11 Arson
32:03 Gold Shaft Mining
35:26 Imperial Age
36:51 Squires
36:14 Heavy Camel Rider
38:41 Heavy Demolition Ship
40:20 Hand Cart
41:58 Chemistry
42:07 Conscription
42:46 Masonry
42:13 Pikeman
43:34 Scale Barding Armor
43:30 Scale Mail Armor
43:40 Forging
43:26 Bodkin Arrow
43:32 Padded Archer Armor
46:15 Husbandry
47:36 Bloodlines
48:35 Caravan
49:22 Architecture
54:16 Elite Gbeto
54:57 Tigui
54:58 Farimba
57:00 Leather Archer Armor
57:21 Iron Casting
58:52 Treadmill Crane
60:29 Ring Archer Armor
61:08 Coinage
Tao Pai Pai
12:06 Feudal Age
13:02 Double-Bit Axe
13:56 Horse Collar
18:15 Castle Age
16:57 Fletching
19:21 Bow Saw
19:13 Heavy Plow
20:02 Bodkin Arrow
26:32 Clinker Construction
26:44 Careening
27:31 Gold Mining
29:30 Ballistics
29:17 Siphons
33:47 Imperial Age
32:12 Caravan
35:05 Bogsveigar
35:45 Dry Dock
36:09 Bracer
37:56 Chemistry
36:41 Elite Longship
42:05 Conscription
42:48 Gold Shaft Mining
45:26 Elite Berserk
46:26 Forging
46:17 Scale Mail Armor
46:48 Squires
46:35 Arson
47:05 Scale Mail Armor
47:42 Iron Casting
48:02 Chain Mail Armor
50:04 Blast Furnace
49:36 Plate Mail Armor
57:33 Chieftains
CuchoLambreta
11:55 Feudal Age
12:57 Double-Bit Axe
15:50 Gold Mining
19:21 Castle Age
18:43 Horse Collar
26:11 Medium Warships
29:34 Imperial Age
28:46 Siphons
28:54 Clinker Construction
30:01 Careening
35:24 Chemistry
43:46 Conscription
44:11 Bow Saw
44:43 Caravan
45:24 Heavy Plow
47:42 Ballistics
56:35 Wheelbarrow
61:43 Hand Cart
Connection lost

Rejoining the realm…

Still unreachable

The connection could not be restored.

Session expired

The server has moved on; the page needs a fresh start.